 Seeded DCSS version 0.30.1-9-gdf580d7c3d (webtiles) character file.

Game seed: 6351066067085065685 (custom seed)

43 Esekla the Magician (level 3, -3/19 HPs)
             Began as a Deep Elf Wanderer on Oct 8, 2023.
             Was an Initiate of Vehumet.
             Slain by a gnoll
             ... wielding a +0 flail
              (8 damage)
             ... on level 2 of the Dungeon.
             The game lasted 00:09:40 (1292 turns).

Esekla the Magician (Deep Elf Wanderer)             Turns: 1292, Time: 00:09:40

Health: -3/19      AC:  4    Str: 11    XL:     3   Next: 37%
Magic:  9/11       EV: 11    Int: 19    God:    Vehumet [......]
Gold:   141        SH:  4    Dex: 14    Spells: 5/12 levels left

rFire   . . .        s - +5 rapier of the Hero {heavy, rN+ Dex+3}
rCold   . . .        d - +0 buckler
rNeg    + . .        c - +0 robe
rPois   .            l - +0 helmet
rElec   .            (no cloak)
rCorr   .            k - +0 pair of gloves
SInv    .            (no boots)
Will    .....        (no amulet)
Stlth   ++           (no ring)
HPRegen 0.23/turn    (no ring)
MPRegen 0.12/turn

%: no passive effects
@: very slightly contaminated
A: no striking features
a: Renounce Religion


You were on level 2 of the Dungeon.
You worshipped Vehumet.
Vehumet was noncommittal.
You visited 1 branch of the dungeon, and saw 4 of its levels.

You collected 141 gold pieces.

Inventory:

Hand Weapons
 a - a +1 short sword of freezing
 s - the +5 rapier of the Hero (weapon) {heavy, rN+ Dex+3}
   (You found it on level 3 of the Dungeon)

   Dex:       It affects your dexterity (+3).
   rN:        It protects you from negative energy.
Armour
 c - a +0 robe (worn)
 d - a +0 buckler (worn)
 k - a +0 pair of gloves (worn)
 l - a +0 helmet (worn)
Wands
 f - a wand of roots (9)
Scrolls
 g - 3 scrolls of identify {unknown}
 h - a scroll of blinking {unknown}
 n - 2 scrolls of enchant weapon {unknown}
 o - a scroll of amnesia {unknown}
 p - a scroll of immolation {unknown}
 r - a scroll of enchant armour {unknown}
Potions
 b - a potion of lignification
 e - a potion of ambrosia {unknown}
 i - 2 potions of attraction {unknown}
 j - 2 potions of curing {unknown}
 m - a potion of mutation {unknown}
 q - a potion of haste {unknown}


   Skills:
 + Level 0.4 Short Blades
 * Level 0.6 Dodging
 + Level 1.7 Stealth
 + Level 1.6 Shields
 * Level 5.3 Spellcasting
 + Level 0.3 Conjurations
 * Level 1.0 Necromancy
 + Level 2.4 Translocations
 + Level 1.0 Invocations


You had 5 spell levels left.
You knew the following spells:

 Your Spells              Type           Power      Damage    Failure   Level
a - Magic Dart            Conj           24%        1d4       16%         1
b - Blink                 Tloc           28%        N/A       10%         2
d - Vampiric Draining     Necr           9%         2d6       32%         3
p - Apportation           Tloc           28%        N/A       6%          1

Your spell library contained the following spells:

 Spells                   Type           Power      Damage    Failure   Level
 Lesser Beckoning         Tloc           28%        N/A       10%         2
 Ignite Poison            Fire/Tmut/Pois 5%         N/A       45%         3


Dungeon Overview and Level Annotations

Branches:
Dungeon (4/15)
 Temple: D:4-7

Altars:
Okawaru
Vehumet
Zin

Shops:
D:2 =   D:4 (


Message History

The gnoll hits you with a +0 club.
You hit the gnoll.
The gnoll is moderately wounded.
The gnoll barely misses you.
You puncture the gnoll!
You kill the gnoll!
Vehumet accepts your kill.
You see here a +0 club.
A gnoll comes into view. It is wielding a +0 flail.
There is a stone staircase leading up here.
You climb upwards.
The ball python bites you but does no damage.
The ball python closely misses you. The frilled lizard bites you.
The ball python barely misses you. The ball python closely misses you.
The frilled lizard barely misses you.
There is a stone staircase leading down here.
The ball python bites you but does no damage.
The ball python grabs you.
You stop descending the stairs.
The ball python constricts you. The frilled lizard bites you.
The ball python's grasp on you weakens, but your attempt to escape fails.
You block the ball python's attack. The ball python constricts you.
You block the frilled lizard's attack.
You escape the ball python's grasp.
The ball python bites you but does no damage.
You block the ball python's attack. The ball python bites you.
The ball python closely misses you. The frilled lizard barely misses you.
You climb downwards.
The gnoll shouts!
The gnoll hits you from afar with a +0 spear!
* * * LOW HITPOINT WARNING * * *
The gnoll closely misses you.
There is a stone staircase leading up here.
Casting: Magic Dart (safe; 16% risk of failure)
Confirm with . or Enter, or press ? or * to list all spells.
You miscast Blink.
You are very lightly contaminated with residual magic.
Nothing appears to happen.
The ball python barely misses you. The ball python misses you.
The gnoll barely misses you. The gnoll hits you with a +0 flail!
You die...

..#.############
...............#
....#######.##>#
[...##.......#.#
#...##.####..#.### #...##.#
#......############ #......#
#g..g.............#
##..#######.###gS##########.#
#.).........# #l@# #.#
#...#######.# #..# #.# .#..#
#)# #..# ##.## #...#######.#
#..#########.#.####
##......g...#
#...........###...#
#.##########
#.##########.#.##.# #.# #.#
##.###.# ##.# ####.# #.###.#
.g.# #....# #.....#


You could see 2 gnolls, a ball python and a frilled lizard.

Vanquished Creatures
  A gnoll (D:2)
  2 adders (D:2)
  An orc (D:3)
  An endoplasm (D:3)
  3 goblins
  2 hobgoblins (D:3)
  A ball python (D:3)
  2 bats (D:3)
  A frilled lizard (D:2)
  3 kobolds
17 creatures vanquished.

Notes
Turn   | Place    | Note
-------+----------+-------------------------------------------
     0 | D:1      | Esekla the Deep Elf Wanderer began the quest for the Orb.
     0 | D:1      | Esekla set off with the following items: a +0 club, a
                  | potion of lignification, a +0 robe, a +0 buckler; and the
                  | following spells available to memorise: Apportation, Blink,
                  | Lesser Beckoning, Magic Dart, Ignite Poison, Vampiric
                  | Draining.
     0 | D:1      | Reached XP level 1. HP: 10/10 MP: 7/7
     2 | D:1      | Learned a level 1 spell: Magic Dart
     4 | D:1      | Learned a level 1 spell: Apportation
   242 | D:2      | Found Renulab's Jewellery Shop.
   398 | D:4      | Found a radiant altar of Vehumet.
   402 | D:4      | Became a worshipper of Vehumet
   419 | D:4      | Found an iron altar of Okawaru.
   431 | D:4      | Found a glowing silver altar of Zin.
   524 | D:4      | Found Ponaysk's Antique Weapon Boutique.
   737 | D:3      | Reached XP level 2. HP: 15/15 MP: 7/9
   741 | D:3      | Learned a level 2 spell: Blink
   845 | D:3      | Identified the +5 rapier of the Hero {heavy, rN+ Dex+3}
   875 | D:2      | Reached skill level 5 in Spellcasting
  1143 | D:2      | Reached skill level 1 in Necromancy
  1143 | D:2      | Reached XP level 3. HP: 19/19 MP: 9/11
  1147 | D:2      | Learned a level 3 spell: Vampiric Draining
  1254 | D:2      | Noticed a black bear
  1292 | D:2      | Slain by a gnoll

Illustrated notes

Levels and vault maps discovered:
D:1:      sevenhm_arrival_forest_fort_small_3, layout_rooms,
          chequers_serial_rivers_room_b, minmay_misc_feat_five
D:2:      layout_loops_ring, dreamdust_ecumenical_altar_angels_and_demons,
          serial_shops, shop
D:3:      layout_basic, grunt_temple_overflow_open, minmay_misc_feat_iff
D:4:      layout_basic, nicolae_overflow_quartered_altars, serial_shops,
          nicolae_diamond_shop

Skill      XL: |  1  2 |
---------------+-------+-----
Spellcasting   | 5 |  5.3
Necromancy     | 1 |  1.0
Short Blades   | |  0.4
Dodging        | |  0.6
Stealth        | |  1.7
Shields        | |  1.6
Conjurations   | |  0.3
Translocations | |  2.4
Invocations    | |  1.0

Action                     || total
---------------------------++-------
  Melee: Short sword       ||    18
         Rapier            ||    18
   Cast: Apportation       ||    31
         Magic Dart        ||    24
    Use: Scroll            ||     1
         Potion            ||     1
   Stab: Sleeping          ||     2
 Armour: Robe              ||    26
  Dodge: Dodged            ||    46
  Block: Buckler           ||    17
